AoeStats
← _WizarD_

MegaRandom

509982711Analyzed
4v4 RM · 4d ago on Sep 28, 2026· 28m 51s· 8 players
Game mode
Random Map
Map size
Large (8 player)
Population
200
Speed
Normal
Resources
Standard
Victory
Conquest
Starting age
Dark Age
Ending age
Imperial Age
RankedLock teamsTeams togetherTeam positionsShared explorationLock speedFull tech treeHidden civsTurbo modeCheats
Victory
Defeat
🇺🇸 Mongols · United States
1433
+16
🇲🇽 Spanish · Mexico
1430
+16
🇪🇸 Mongols · Spain
1417
+16
🇧🇷 Franks · Brazil
1409
+17
🇲🇽 Hindustanis · Mexico
1551
-21
🇺🇸 Ethiopians · United States
1535
-21
🇧🇷 Britons · Brazil
1331
-12
🇨🇦 Mongols · Canada
1295
-11
Mr.Brrum
5:32 Loom
7:47 Feudal Age
13:18 Fletching
21:59 Padded Archer Armor
25:47 Castle Age
25:26 Bloodlines
25:20 Double-Bit Axe
25:18 Horse Collar
27:16 Bow Saw
27:47 Bodkin Arrow
MEX_Angel_Tj
7:10 Loom
9:49 Feudal Age
11:35 Scale Barding Armor
13:51 Forging
14:28 Town Watch
20:51 Castle Age
19:20 Double-Bit Axe
19:43 Padded Archer Armor
20:37 Bloodlines
21:32 Wheelbarrow
21:43 Husbandry
Karzul
7:46 Loom
9:51 Feudal Age
11:21 Double-Bit Axe
19:15 Scale Barding Armor
22:06 Wheelbarrow
24:11 Castle Age
23:42 Gold Mining
24:32 Forging
25:00 Light Cavalry
26:03 Chain Barding Armor
_WizarD_
8:20 Loom
10:40 Feudal Age
15:43 Scale Barding Armor
15:50 Forging
19:43 Wheelbarrow
19:13 Horse Collar
22:18 Castle Age
20:20 Fletching
20:30 Padded Archer Armor
20:30 Double-Bit Axe
21:27 Gold Mining
21:32 Stone Mining
23:06 Bloodlines
23:17 Bodkin Arrow
25:49 Leather Archer Armor
Duaaa
6:16 Loom
8:49 Feudal Age
9:26 Double-Bit Axe
19:47 Wheelbarrow
22:00 Bloodlines
27:25 Castle Age
25:39 Horse Collar
26:11 Scale Barding Armor
26:39 Forging
28:28 Chain Barding Armor
28:19 Bow Saw
28:26 Husbandry
Polestar
7:16 Loom
9:45 Feudal Age
19:13 Castle Age
19:35 Fletching
19:39 Crossbowman
20:20 Bodkin Arrow
25:41 Padded Archer Armor
Kuroko
4:51 Loom
9:51 Feudal Age
10:33 Double-Bit Axe
14:00 Fletching
14:11 Padded Archer Armor
24:01 Castle Age
24:14 Crossbowman
24:50 Bodkin Arrow
Joe
12:15 Feudal Age
11:51 Loom
16:11 Castle Age
14:42 Double-Bit Axe
15:25 Gold Mining
17:14 Fletching
18:12 Town Watch
19:27 Scale Mail Armor
22:08 Wheelbarrow
24:11 Crossbowman
26:01 Padded Archer Armor
26:27 Horse Collar
Connection lost

Rejoining the realm…

Still unreachable

The connection could not be restored.

Session expired

The server has moved on; the page needs a fresh start.